Unix NetHack Version 5.0.0-0 post-release - last build May 30 2026 05:04:26 (55804bc15828dd6e32e9076e0726aa6fccb6e981,branch:main).

Game began 2026-05-30 23:10:53, ended 2026-05-31 01:14:41.

Kwijibo4686, neutral female human Valkyrie

                            -------     -------
                            |..((.|--   |..|.>|
                            |.....-.|   |.....|
                          --|..#.[|-|   |.--.---
                          |@@?Ff'.+.|  --.|....----
                          |&|.F.+.|-| --..|....%..|
                          |.|...!.+.| |...|---....|
                          |.|.....|-- |...|..|)...|
                          |.|------   |...|.......|
                          |.|        --`.....|....--
                          |.|        |....|..|)....|
                          |.|        |.`..|--|.....|
                          |.|        |...--  --.|..|
                          |.|        -----    |.----
                          |.-------------------..|
                          |...%.....%.........^..|
                          ------------------------

Kwijibo4686 the Woman-at-arms  St:18/03 Dx:17 Co:18 In:9 Wi:8 Ch:9  Neutral
Dlvl:6  $:1430 HP:0(118) Pw:30(30) AC:-5 Xp:12 T:13581  Hallu

Latest messages:
 You see here a lizard corpse.
 Welcome to David's treasure zoo!
 $ - 1430 gold pieces.
 R - a scroll labeled JUYED AWK YACC.
 S - a wire ring.
 There is an open door here.
 There are many more objects here.
 The dwarf lady thrusts her dagger.
 The dwarf lady hits!
 The dwarf lady thrusts her dagger.
 The dwarf lady hits again!
 The massive hammer hits!  Lightning strikes the dwarf lady!
 The python wakes up.
 The leprechaun wakes up.
 The ogre wakes up.
 The fog cloud wakes up.
 The black pudding wakes up.
 The dwarf lady thrusts her dagger.
 The dwarf lady hits!
 The dwarf lady thrusts her dagger.
 The dwarf lady hits again!
 It explodes!
 You are caught in a blast of kaleidoscopic light!
 You are freaked out.
 The tiktaalik wakes up.
 The hobbit wakes up.
 The carnivorous ape opens a door.
 The giant mango picks up 101 gold pieces.
 A mysterious force prevents the large cat from teleporting!
 The massive hammer hits!  Lightning strikes the looooooooooooong cat!
 You kill the green mold!
 The beluga whale picks up 65 gold pieces.
 A mysterious force prevents the winter wolf cub from teleporting!
 There is a wraith corpse here; eat it? [ynq] (n) y
 This wraith corpse is copacetic.
 You feel more experienced.
 Welcome to experience level 12.
 The clue golem butts!
 The elf-lord bites!
 The hill giant misses!
 The pit viper picks up 151 gold pieces.
 You see here a lizard corpse.
 The Grey-elf picks up 502 gold pieces.
 What do you want to write with? [- gimprsvxzCJLNOS or ?*] -
 You write in the dust with your fingertip.
 What do you want to write in the dust here? Elbereth
 The ice vortex misses!
 The little dog bites!
 You die...
 Do you want your possessions identified? [ynq] (y) q

Inventory:
 Coins    ('$')
  $ - 1430 gold pieces
 Weapons  (')')
  C - the blessed rusty +3 Mjollnir (weapon in right hand)
 Armor    ('[')
  y - an uncursed +0 dwarvish iron helm (being worn)
  B - a blessed rusty +0 pair of iron shoes (being worn)
  c - an uncursed +3 small shield (being worn)
  q - an uncursed burnt +0 dwarvish cloak (being worn)
  n - an uncursed +2 dwarvish mithril-coat (being worn)
 Comestibles  ('%')
  E - an uncursed candy bar labeled "Nilla Crunchie"
  u - 4 uncursed food rations
  A - 3 uncursed lumps of royal jelly
  F - an uncursed pancake
  t - an uncursed tripe ration
  K - an uncursed tin of french fried chameleon meat
 Scrolls  ('?')
  R - an uncursed scroll of light
  P - an uncursed scroll of teleportation
 Potions  ('!')
  Q - an uncursed potion of gain ability
  I - 2 uncursed potions of object detection
 Rings    ('=')
  J - a cursed ring of free action
  N - a blessed +1 ring of gain constitution
  r - an uncursed ring of see invisible
  S - an uncursed ring of slow digestion
 Wands    ('/')
  m - a wand of digging (0:6)
  p - a wand of digging (0:2)
  x - a wand of lightning (0:5)
  z - a wand of magic missile (0:4)
  i - a wand of slow monster (0:8)
  L - a wand of speed monster (0:6)
  v - a wand of undead turning (0:7)
 Tools    ('(')
  a - an uncursed bag of holding containing 14 items
  U - an uncursed oilskin sack containing 10 items
  M - an uncursed lock pick
  G - a cursed magic lamp
  s - an uncursed towel
  X - a +0 unicorn horn
 Gems/Stones  ('*')
  O - an uncursed flint stone
  g - an uncursed touchstone

Contents of the bag of holding:
  1468 gold pieces
  an uncursed +0 mummy wrapping
  2 uncursed slime molds
  a cursed carrot
  6 uncursed food rations
  4 uncursed fortune cookies
  an uncursed lembas wafer
  a cursed tin of warhorse meat
  an uncursed lichen corpse
  2 uncursed scrolls of earth
  an uncursed potion of full healing
  an uncursed skeleton key
  a +0 pick-axe
  2 uncursed luckstones

Contents of the oilskin sack:
  a cursed wand of probing (0:1)
  a wand of nothing (0:4)
  a wand of opening (0:4)
  a cursed wand of light (0:7)
  a wand of magic missile (0:5)
  a cursed wand of secret door detection (0:10)
  a wand of speed monster (0:5)
  a wand of speed monster (0:5)
  a cursed wand of speed monster (0:0)
  a wand of striking (0:2)

Kwijibo4686 the Valkyrie's attributes:

Background:
 You were a Woman-at-arms, a level 12 human Valkyrie.
 You were neutral, on a mission for Odin
 who was opposed by Tyr (lawful) and Loki (chaotic).
 You were right-handed.
 You were in Sokoban, on level 6.
 You entered the dungeon 13581 turns ago.
 It was nighttime.
 There was a full moon in effect when your adventure ended.
 You had 20000 experience points, 20000 more were needed to attain level 13.

Basics:
 You had 0 out of 118 hit points.
 You had all 30 energy points (spell power).
 Your armor class was -5.
 Your wallet contained 1430 Ankh-Morpork Dollars, and
 you had 1468 more stashed away in your pack.
 Autopickup was on for '$?!/="' plus thrown.

Final Characteristics:
 Your strength was 18/03 (limit:18/100).
 Your dexterity was 17 (limit:18).
 Your constitution was 18 (limit:18).
 Your intelligence was 9 (limit:18).
 Your wisdom was 8 (limit:18).
 Your charisma was 9 (limit:18).

Final Status:
 You were hallucinating.
 You weren't hungry.
 You were unencumbered.
 You were wielding a hammer.
 You were skilled in hammer.

Final Attributes:
 You were piously aligned.
 Your items were somewhat protected from fire.
 You were cold resistant.
 Your items were somewhat protected from cold.
 You were sleep resistant.
 You were telepathic.
 You were stealthy.
 You were guarded.
 Your spell casting was impaired by metallic armor.
 You were lucky.
 You are dead.

Miscellaneous:
 You encountered 1 bones level.
 Total elapsed playing time was 1 hour, 50 minutes and 39 seconds.

Major events:
 Turn
    1: Kwijibo4686 the neutral human Valkyrie entered the dungeon
  705: entered the Gnomish Mines
  780: attained the rank of Skirmisher (level 3)
 1565: found Grimtooth on the floor
 1568: reached Mine Town
 1605: attained the rank of Fighter (level 6)
 5153: found Mjollnir in a shop
 9411: attained the rank of Woman-at-arms (level 10)
 9510: entered Sokoban
11423: completed 1st Sokoban level
12211: completed 2nd Sokoban level
12592: completed 3rd Sokoban level
13409: completed 4th Sokoban level
13581: killed by a hallucinogen-distorted mumak

Spells:
 Name                 Level Category     Fail Retention
 jumping                1   escape       100%   26%-50%

Skills:
 Fighting Skills
   bare handed combat [Basic]
   two weapon combat  [Unskilled]
   riding             [Unskilled]
 Weapon Skills
   dagger             [Basic]
   axe                [Unskilled]
   pick-axe           [Unskilled]
   short sword        [Unskilled]
   broadsword         [Unskilled]
   long sword         [Unskilled]
   two-handed sword   [Unskilled]
   saber              [Unskilled]
   hammer             [Skilled]
   quarterstaff       [Unskilled]
   polearms           [Unskilled]
   spear              [Expert]
   trident            [Unskilled]
   lance              [Unskilled]
   sling              [Unskilled]
 Spellcasting Skills
   attack spells      [Unskilled]
   escape spells      [Unskilled]

Voluntary challenges:
 Character rerolling was not enabled.
 You never genocided any monsters.
 You never polymorphed an object.
 You never changed form.
 You used no wishes.
 You did not violate any of the special Sokoban rules.
Achievements:
 You entered a shop.
 You entered the Gnomish Mines.
 You attained the rank of Skirmisher.
 You entered Minetown.
 You attained the rank of Fighter.
 You entered a temple.
 You attained the rank of Woman-at-arms.
 You entered Sokoban.

 The Dungeons of Doom: levels 1 to 12
    Level 1:
       Some fountains.
    Level 2:
       A general store, a grave.
       Stairs down to The Gnomish Mines.
    Level 3:
       A general store, a fountain.
    Level 4:
    Level 5:
       A general store.
    Level 6:
       A potion shop, many fountains, a sink.
    Level 7:
       A fountain.
    Level 8:
       A fountain, some sinks, some graves.
    Level 9:
       Many fountains.
    Level 10: "chest"
       Stairs up to Sokoban, level 9.
    Level 11:
       A fountain.
    Level 12:
       A sink.
 The Gnomish Mines: levels 3 to 10
    Level 3:
    Level 4:
    Level 5:
       Many shops, a temple and an altar to Odin, some fountains.
    Level 6:
    Level 7:
    Level 8:
       A grave.
       Final resting place for
          Ch3Begorrah-Rog-Hum-Mal-Cha, killed by a rothe.
    Level 9:
    Level 10: "red dragon?!"
 Sokoban: levels 9 up to 6
    Level 6: <- You were here.
       Solved.
       Final resting place for
          you, killed by a hallucinogen-distorted mumak.
    Level 7:
       Solved.
    Level 8:
       Solved.
    Level 9:
       Solved.


Vanquished creatures:
 an Aleax
  a ghost
  5 queen bees
  a winged gargoyle
  2 giant mimics
  2 ogre tyrants
  2 elven monarchs
 an earth elemental
  a winter wolf
  6 small mimics
  a warhorse
  3 xans
  2 ogre leaders
  a pyrolisk
  a flaming sphere
  a large cat
  2 tigers
  a gargoyle
  a dwarf ruler
  2 human mummies
  a pit viper
  a wraith
  a carnivorous ape
  a leather golem
  2 chameleons
  a crocodile
  2 giant beetles
  2 cockatrices
  2 wolves
  3 leprechauns
  3 mumakil
  3 scorpions
  a horse
 an ice vortex
  a black light
  a vampire bat
  a forest centaur
  a gnome ruler
  2 dwarf mummies
  4 brown puddings
  a rust monster
  2 owlbears
  2 yetis
  a werewolf
  4 Green-elves
  5 lizards
  a dingo
  2 housecats
  a jaguar
  5 dwarf leaders
  a black unicorn
  a dust vortex
  a plains centaur
  a rope golem
  5 Woodland-elves
  2 soldier ants
  2 fire ants
  8 bugbears
 an imp
  a quasit
  4 wood nymphs
  a water nymph
  3 mountain nymphs
  2 Uruk-hai
  2 rock moles
  2 ponies
  a yellow light
  a shrieker
  3 violet fungi
 14 gnome leaders
  4 gnomish wizards
  a kobold mummy
  6 elf zombies
  a ghoul
  a straw golem
  3 paper golems
  4 giant ants
  a little dog
  3 floating eyes
 16 dwarves
  2 homunculi
  2 kobold leaders
  6 hill orcs
  3 rothes
  a rabid rat
  a centipede
  a monkey
  2 orc zombies
  2 dwarf zombies
  a wererat
  2 iguanas
 17 killer bees
  2 acid blobs
  7 hobbits
  2 manes
  4 large kobolds
 13 hobgoblins
  2 cave spiders
  a brown mold
  2 yellow molds
  a red mold
 53 gnomes
  3 garter snakes
  2 geckos
  8 jackals
  2 foxes
  5 kobolds
  6 goblins
  2 sewer rats
 12 grid bugs
  a bat
  5 lichens
  a kobold zombie
  7 newts
372 creatures vanquished.

No species were genocided or became extinct.

Game over:
                       ----------
                      /          \
                     /    REST    \
                    /      IN      \
                   /     PEACE      \
                  /                  \
                  |   Kwijibo4686    |
                  |     2898 Au      |
                  |   killed by a    |
                  | hallucinogen-dis |
                  |   torted mumak   |
                  |                  |
                  |       2026       |
                 *|     *  *  *      | *
        _________)/\\_//(\/(/\)/\//\/|_)_______

Farvel Kwijibo4686 the Valkyrie...

You died in Sokoban on dungeon level 6 with 43395 points,
and 2898 pieces of gold, after 13581 moves.
You were level 12 with a maximum of 118 hit points when you died.

